 Dungeon Sprint DCSS version 0.31-a0-232-gb1c03b2570 (webtiles) character file.

Game seed: 11661743737955474846

35 coffeetime the Chopper (level 3, -1/32 HPs)
             Began as a Human Berserker on July 7, 2023.
             Was a Believer of Trog.
             Slain by a scorpion (4 damage)
             ... in the Dungeon (Sprint IV: "Fedhas' Mad Dash").
             The game lasted 00:00:23 (173 turns).

coffeetime the Chopper (Human Berserker)             Turns: 173, Time: 00:00:24

Health: -1/32      AC: -1    Str: 19    XL:     3   Next: 52%
Magic:  3/3        EV: 12    Int:  7    God:    Trog [**....]
Gold:   0          SH:  0    Dex: 12    Spells: 2/2 levels left

rFire   . . .        a - +0 hand axe
rCold   . . .        (no shield)
rNeg    . . .        b - +0 animal skin
rPois   .            (no helmet)
rElec   .            (no cloak)
rCorr   .            (no gloves)
SInv    .            (no boots)
Will    .....        i - amulet of the acrobat
Stlth   +            (no ring)
HPRegen 0.25/turn    (no ring)
MPRegen 0.08/turn

%: no teleportation, acrobat
@: lethally poisoned (-1 -> -11), corroded, on berserk cooldown, slowed, very
slow
A: no striking features
a: Renounce Religion, Berserk, Trog's Hand


You were in the Dungeon.
You worshipped Trog.
Trog was pleased with you.
You visited 1 branch

Inventory:

Hand Weapons
 a - a +0 hand axe (weapon)
Armour
 b - a +0 animal skin (worn)
Jewellery
 i - an amulet of the acrobat (around neck)
Scrolls
 h - a scroll of blinking
Potions
 c - a potion of curing
 d - a potion of heal wounds
 e - a potion of haste
 f - 2 potions of magic
 g - a potion of berserk rage


   Skills:
 + Level 4.9 Fighting
 + Level 5.0 Axes
 + Level 2.8 Armour
 + Level 2.8 Dodging
 + Level 0.1 Stealth


You had 2 spell levels left.
You didn't know any spells.
Your spell library was empty.

Dungeon Overview and Level Annotations

Branches:
Dungeon (1/1)

Altars:


Message History

You feel yourself moving faster!
You feel mighty!
You feel a strong urge to attack something.
There is an open door here.
You hit the oklob sapling.
The oklob sapling is severely damaged.
The oklob sapling spits acid at you. The splash of acid hits you!
The acid corrodes you!
You slash the oklob sapling!
You destroy the oklob sapling!
Trog accepts your kill.
You can now call upon Trog for regeneration and willpower.
Your Axes skill increases to level 5!
You have reached level 3!
Your experience leads to an increase in your attributes!
Increase (S)trength, (I)ntelligence, or (D)exterity?
You feel stronger. x2
A scorpion comes into view.
Found 16 gold pieces, a ring mail and the amulet of invisibility {+Inv}.
You feel a strong urge to attack something.
You see here 5 gold pieces.
You are no longer berserk.
You are exhausted.
You feel yourself slow down. The scorpion completely misses you.
You see here 17 gold pieces.
The scorpion completely misses you. x2
You see here 5 gold pieces.
You hit the scorpion but do no damage. The scorpion misses you.
The scorpion stings you!
You hit the scorpion but do no damage. The scorpion closely misses you.
The scorpion stings you.
You are poisoned.
The scorpion poisons you!
You closely miss the scorpion.
You feel very sick. The scorpion closely misses you.
You hit the scorpion but do no damage.
You feel sick. The scorpion stings you.
* * * LOW HITPOINT WARNING * * *
You are more poisoned.
The scorpion poisons you! The scorpion stings you.
You die...

##################
#<...#.....#.@$$$#
#PP..'.†...'.#s[.+
#PPP.#.....#.#"..#
###############+##


You could see a scorpion.

Vanquished Creatures
  An oklob sapling (D)
  A river rat (D)
  A rat (D)
3 creatures vanquished.

Notes
Turn   | Place    | Note
-------+----------+-------------------------------------------
     0 | D        | coffeetime the Human Berserker began the quest for the Orb.
     0 | D        | Reached XP level 1. HP: 18/18 MP: 1/1
     8 | D        | Reached XP level 2. HP: 25/25 MP: 2/2
    10 | D        | Reached skill level 4 in Axes
   161 | D        | Noticed an oklob sapling
   165 | D        | Killed an oklob sapling
   165 | D        | Reached ** piety under Trog
   166 | D        | Reached skill level 5 in Axes
   166 | D        | Reached XP level 3. HP: 32/32 MP: 3/3
   167 | D        | Noticed a scorpion
   167 | D        | Found the amulet of invisibility {+Inv}
   173 | D        | Slain by a scorpion

Illustrated notes

Levels and vault maps discovered:
D:        dungeon_sprint_fedhas [sprint_temple]

Skill      XL: |  1  2 |
---------------+-------+-----
Fighting       | 4 |  4.9
Axes           | 5 |  5.0
Armour         | |  2.8
Dodging        | |  2.8
Stealth        | |  0.1

Action                     || total
---------------------------++-------
  Melee: Hand axe          ||     9
 Invoke: Berserk           ||     2
 Armour: Animal skin       ||     1
  Dodge: Dodged            ||     7

Table legend: (Time is in decaauts)
 A = Elapsed time spent in this place.
 B = Non-inter-level travel time spent in this place.
 C = Inter-level travel time spent in this place.
 D = Time resting spent in this place.
 E = Time spent auto-exploring this place.
 F = Levels seen in this place.
 G = Mean time per level.
                   A        B        C        D        E       F      G
               +--------+--------+--------+--------+--------+-----+--------+
         Total |    183 |    183 |      0 |    151 |      0 |   1 |  183.0 |
       Dungeon |    183 |    183 |      0 |    151 |      0 |   1 |  183.0 |
               +--------+--------+--------+--------+--------+-----+--------+

Top non-repeatable levels by time:
       D: 183 daAuts
